Map: Ascension to Aiur LE

Players

Awers (Hades) - Winner!

  • Race: Terran Terran
  • Spawn Location: 11:00

ZhuGeLiang

  • Race: Zerg Zerg
  • Spawn Location: 5:00

Event: WCS Jonkoping 2017

VOD

Have the link to the VOD?

Description

Time

  • Played on: June 17, 2017, 8:54 a.m.
  • Length: 12:47

All games in this series

Show
View Real Time Build Order
Export as new Build Order

Awers Terran - Winner!

Build Orders: Hellion Opening, Reaper Expand, Mech 

Get SALT Encoding   

  12  0:00  SCV  
  13  0:12  SCV  
  14  0:18  Supply Depot  
  14  0:25  SCV  
  14  0:27  Refinery  
  15  0:39  SCV  
  16  0:45  Barracks  
  16  0:51  SCV  
  17  1:03  SCV  
  18  1:15  SCV  
  19  1:32  Orbital Command, Reaper  
  20  1:44  Command Center  
  20  1:56  Factory  
  20  2:00  SCV  
  21  2:06  Barracks Reactor  
  21  2:12  SCV  
  21  2:14  Supply Depot  
  22  2:24  SCV, Refinery  
  23  2:39  SCV  
  24  2:44  Starport  
  24  2:51  Hellion, SCV  
  25  2:52  Hellion  
  25  2:56  Orbital Command  
  29  3:03  Barracks Tech Lab  
  29  3:06  SCV  
  30  3:13  Hellion  
  30  3:14  Hellion  
  34  3:21  SCV  
  35  3:30  SCV  
  35  3:31  Viking  
  35  3:34  SCV  
  39  3:41  Supply Depot  
  39  3:44  SCV  
  39  3:47  SCV  
  41  3:57  Hellion  
  41  3:58  Hellion  
  41  4:00  SCV  
  46  4:03  SCV, Medivac, Supply Depot  
  49  4:12  SCV  
  50  4:20  Armory  
  50  4:21  Command Center  
  50  4:23  SCV  
  51  4:32  SCV  
  51  4:33  Barracks Tech Lab  
  51  4:35  Factory  
  53  4:38  SCV, Factory  
  53  4:39  Liberator  
  53  4:47  SCV  
  53  4:50  Hellion  
  53  4:52  SCV  
  59  4:54  Supply Depot  
  59  4:55  Refinery  
  61  5:00  SCV  
  61  5:06  SCV  
  62  5:08  Refinery  
  62  5:11  Hellion x2  
  62  5:14  Terran Vehicle Weapons Level 1  
  62  5:15  SCV  
  61  5:22  SCV  
  61  5:28  SCV  
  63  5:33  Hellion x2, Siege Tank  
  63  5:34  SCV  
  71  5:40  Siege Tank, SCV  
  75  5:46  SCV  
  76  5:52  SCV  
  76  5:53  Supply Depot  
  76  5:55  Engineering Bay  
  75  5:58  SCV  
  75  6:03  Hellion x2  
  80  6:04  SCV  
  80  6:07  Barracks Reactor  
  80  6:10  Factory, SCV  
  80  6:20  Thor  
  80  6:21  Hellion  
  80  6:23  SCV, Orbital Command  
  85  6:31  Cyclone x2  
  91  6:36  Engineering Bay  
  82  6:49  Thor, SCV  
  82  6:51  SCV  
  90  6:55  SCV, Refinery  
  90  6:56  Refinery  
  91  7:02  SCV  
  91  7:03  SCV  
  91  7:04  Missile Turret  
  91  7:06  Missile Turret x2  
  93  7:12  Supply Depot  
  93  7:16  Terran Vehicle Weapons Level 2  
  93  7:27  Factory  
  93  7:34  Siege Tank, Hellion x2, SCV  
  101  7:38  Supply Depot  
  101  7:41  SCV x2, Missile Turret  
  101  7:44  Supply Depot  
  103  7:45  Supply Depot  
  103  7:46  SCV  
  103  7:48  Siege Tank  
  103  7:49  Infernal Pre-Igniter  
  103  7:50  Starport Reactor  
  107  7:53  SCV x2, Supply Depot  
  109  8:00  Hellion x4  
  109  8:05  SCV  
  118  8:10  Siege Tank  
  121  8:14  Factory Tech Lab, Armory  
  119  8:20  Supply Depot  
  119  8:22  Siege Tank, Supply Depot  
  122  8:30  Command Center  
  122  8:32  Hellion x4  
  122  8:34  Siege Tank  
  133  8:35  SCV  
  133  8:36  SCV  
  133  8:38  SCV  
  136  8:45  Siege Tank  
  139  8:56  Siege Tank  
  139  9:01  Hellion x3, Liberator  
  139  9:02  Hellion  
  148  9:05  Supply Depot x2  
  148  9:06  Siege Tank  
  148  9:09  Liberator  
  151  9:12  SCV x2  
  151  9:14  SCV  
  154  9:23  Supply Depot  
  154  9:24  Supply Depot  
  157  9:30  Missile Turret  
  160  9:35  Starport x2  
  159  9:54  Siege Tank x3  
  159  9:56  Hellion x4  
  174  10:10  Planetary Fortress  
  149  10:39  Starport Tech Lab  
  149  10:42  Siege Tank, Thor, Hellion  
  157  10:49  Siege Tank, Hellion x3  
  165  10:51  Terran Vehicle And Ship Armor Level 1  
  165  10:59  Command Center  
  165  11:03  Raven  
  167  11:08  Starport Tech Lab  
  167  11:14  Siege Tank  
  172  11:18  Hellion  
  172  11:21  Siege Tank  
  172  11:25  Siege Tank  
  173  11:31  Viking x2  
  168  11:40  Hellion  
  168  11:46  Siege Tank  
  149  11:48  Hellion x3  
  149  11:52  Viking  
  149  11:53  Siege Tank  
  152  11:56  SCV  
  152  11:57  Refinery x2  
  152  11:58  Hellion  
  152  12:11  Hellion x2  
  151  12:21  Hellion  
Show
View Real Time Build Order
Export as new Build Order

ZhuGeLiang Zerg 

Build Orders: Hatch First, Swarm Host 

Get SALT Encoding   

  12  0:01  Drone  
  13  0:12  Overlord  
  13  0:17  Drone  
  14  0:30  Drone  
  14  0:31  Drone  
  14  0:34  Drone  
  17  0:51  Hatchery  
  17  0:55  Drone  
  17  0:57  Drone  
  18  1:04  Extractor  
  17  1:12  Spawning Pool  
  17  1:16  Drone  
  17  1:19  Drone  
  18  1:28  Drone  
  19  1:39  Overlord  
  19  1:59  Queen  
  19  2:00  Zergling x4  
  23  2:03  Queen  
  23  2:04  Zergling x2  
  23  2:06  Metabolic Boost  
  26  2:11  Drone  
  26  2:15  Drone  
  28  2:22  Drone  
  29  2:25  Drone  
  30  2:34  Queen  
  31  2:45  Overlord  
  31  2:46  Drone x2  
  31  2:47  Drone  
  34  2:54  Drone  
  35  2:59  Overlord  
  35  3:03  Queen  
  35  3:04  Drone  
  38  3:07  Drone  
  38  3:09  Drone  
  38  3:10  Drone x2  
  42  3:13  Drone  
  42  3:17  Drone x3  
  46  3:29  Hatchery, Drone  
  46  3:33  Queen  
  48  3:39  Queen  
  50  3:42  Overlord  
  50  3:44  Drone  
  50  3:48  Overlord  
  51  3:54  Overlord  
  51  4:00  Extractor  
  51  4:02  Drone x6  
  56  4:13  Zergling x6  
  56  4:14  Lair  
  59  4:17  Extractor  
  59  4:19  Spore Crawler  
  59  4:20  Zergling x8  
  59  4:21  Zergling x2  
  62  4:24  Spore Crawler  
  62  4:30  Roach Warren  
  60  4:31  Overlord  
  61  4:45  Drone  
  61  4:46  Drone x3  
  61  4:52  Drone x7  
  71  5:01  Drone  
  72  5:07  Overlord x2  
  72  5:11  Spore Crawler  
  72  5:14  Spire  
  68  5:25  Overlord  
  68  5:26  Drone  
  68  5:27  Drone x6  
  75  5:29  Drone  
  75  5:30  Drone  
  77  5:36  Drone x4  
  77  5:40  Overlord  
  81  5:43  Evolution Chamber  
  81  5:49  Roach x3  
  86  5:54  Roach x3  
  86  5:59  Roach x2  
  86  6:00  Roach  
  86  6:03  Extractor  
  91  6:04  Extractor  
  91  6:06  Extractor  
  89  6:11  Drone x4  
  89  6:19  Drone x6  
  91  6:26  Drone x3  
  91  6:27  Drone  
  94  6:34  Mutalisk  
  94  6:35  Mutalisk  
  97  6:41  Zerg Missile Weapons Level 1  
  97  6:42  Drone  
  98  6:58  Overlord x2  
  98  7:04  Overlord  
  98  7:08  Overlord  
  98  7:12  Overlord  
  98  7:13  Overlord x2  
  98  7:16  Overlord  
  98  7:17  Mutalisk x3  
  98  7:18  Mutalisk, Infestation Pit  
  105  7:24  Drone x2  
  105  7:25  Drone  
  108  7:33  Drone  
  108  7:37  Hydralisk Den  
  108  7:38  Hatchery  
  108  7:42  Overlord  
  106  7:48  Overlord  
  106  7:49  Roach x6  
  118  7:53  Overlord  
  118  8:03  Drone x3  
  121  8:09  Swarm Host x4  
  121  8:10  Swarm Host  
  121  8:12  Hydralisk x2  
  140  8:15  Muscular Augments  
  137  8:23  Drone x7  
  137  8:25  Glial Reconstitution  
  144  8:31  Evolution Chamber, Drone  
  144  8:33  Hive  
  144  8:40  Overlord x3  
  144  8:56  Roach x7  
  144  8:57  Roach x2  
  162  9:04  Overlord  
  162  9:05  Roach x5  
  162  9:06  Ravager  
  162  9:07  Ravager  
  174  9:10  Roach  
  174  9:11  Roach x2  
  174  9:12  Ravager x3  
  181  9:19  Zerg Missile Weapons Level 2, Extractor  
  180  9:27  Spore Crawler  
  179  9:34  Extractor, Roach x7  
  192  9:47  Zerg Ground Armor Level 1  
  192  9:51  Viper  
  195  9:56  Roach x2  
  183  10:21  Roach x2  
  183  10:22  Roach x2  
  111  10:38  Roach x10  
  111  10:39  Hydralisk x11  
  144  10:43  Hydralisk  
  142  10:55  Roach x7  
  152  11:02  Hydralisk x3  
  158  11:05  Ravager x2  
  158  11:06  Roach x3  
  158  11:10  Roach  
  168  11:14  Roach  
  168  11:15  Roach x3  
  176  11:24  Roach x5  
  182  11:30  Roach x3  
  165  11:36  Roach x6  
  162  11:44  Roach  
  128  11:51  Roach x5  
  98  11:55  Ravager x3  
  98  11:59  Ravager x2  
  98  12:01  Roach  
  105  12:02  Zergling x10  
  106  12:09  Roach x3  
  106  12:13  Ravager  
  104  12:16  Roach  
  104  12:17  Roach x3  
  104  12:20  Roach  
  104  12:22  Roach  
  114  12:24  Ravager  
  114  12:27  Roach  
Tags
 
Add a new tag
Caveats
  • Supply blocks, unpowered buildings, or Contaminate may cause inaccurate times.
  • Supply counts are checked every 10 seconds.